 Dungeon Crawl Stone Soup version 0.29.0-4-gdea44cf6ec (webtiles) character file.

Game seed: 9156158652088560089

63 qw the Ruffian (level 4, 0/35 HPs)
             Began as a Ghoul Fire Elementalist on Aug 29, 2022.
             Slain by an orc
             ... wielding a +0 hand axe
              (4 damage)
             ... on level 3 of the Dungeon.
             The game lasted 00:02:06 (2360 turns).

qw the Ruffian (Ghoul Fire Elementalist)            Turns: 2360, Time: 00:02:06

Health: 0/35       AC:  5    Str: 10 (13) XL:     4   Next: 10%
Magic:  5/5        EV: 10    Int: 10      God:
Gold:   63         SH:  0    Dex:  9      Spells: 5/6 levels left

rFire   . . .      SeeInvis .     - Unarmed
rCold   + . .      Faith    .   (no shield)
rNeg    + + +      Spirit   .   g - +0 ring mail
rPois   inf        Reflect  .   (no helmet)
rElec   .          Harm     .   (no cloak)
rCorr   .          Rampage  .   (no gloves)
Will    .....                   (no boots)
Stlth   +.........              (no amulet)
HPRegen 0.00/turn               (no ring)
MPRegen 0.09/turn               (no ring)

@: inhibited regen
A: claws 1, cold resistance 1, negative energy resistance 3, inhibited
regeneration, torment resistance 2, devour on kill
a: no special abilities


You were on level 3 of the Dungeon.
You visited 1 branch of the dungeon, and saw 3 of its levels.

You collected 63 gold pieces.


Innate Abilities, Weirdness & Mutations

You are immune to poison.
You have sharp fingernails.
Your flesh is cold resistant. (rC+)
You are immune to negative energy. (rN+++)
You do not regenerate when monsters are visible.
You are immune to unholy pain and torment.
You thrive by killing the living.


   Skills:
 - Level 1.2 Fighting
 - Level 1.7 Dodging
 - Level 2.1 Stealth
 + Level 3.6 Unarmed Combat
 - Level 1.7 Spellcasting
 - Level 0.7 Conjurations
 - Level 2.4 Fire Magic


You had 5 spell levels left.
You knew the following spells:

 Your Spells              Type           Power      Damage    Failure   Level
a - Foxfire               Conj/Fire      16%        2x1d4     41%         1

Your spell library contained the following spells:

 Spells                   Type           Power      Damage    Failure   Level
 Scorch                   Fire           10%        2d6       43%         2
 Conjure Flame            Conj/Fire      4%         6-21      78%         3
 Inner Flame              Hex/Fire       3%         N/A       83%         3
 Flame Wave               Conj/Fire      4%         2d5       99%         4

Inventory:

Armour
 g - a +0 ring mail (worn)
Potions
 b - a potion of mutation
 d - a potion of lignification {unknown}
 e - a potion of haste {unknown}
 f - a potion of heal wounds {unknown}

Dungeon Overview and Level Annotations

Branches:
Dungeon (3/15)

Altars:
Vehumet


Message History

2344 ||| Stepping ~*~*~tactically~*~*~ (outnumbered).
The orc attacks as you move away! The orc hits you but does no damage.
2345 ||| Stepping ~*~*~tactically~*~*~ (outnumbered).
The orc attacks as you move away! The orc closely misses you.
2346 ||| Stepping ~*~*~tactically~*~*~ (outnumbered).
The orc attacks as you move away! The orc hits you with a +0 hand axe.
Found a runed orb.
2347 ||| Stepping ~*~*~tactically~*~*~ (outnumbered).
The orc attacks as you move away! The orc closely misses you.
Found 13 gold pieces.
Found an escape hatch in the floor.
2348 ||| Stepping ~*~*~tactically~*~*~ (outnumbered).
The orc attacks as you move away! The orc barely misses you.
You hear the slow rusting of a drain nearby.
2349 ||| Stepping ~*~*~tactically~*~*~ (outnumbered).
2350 ||| Stepping ~*~*~tactically~*~*~ (outnumbered).
The orc attacks as you move away! The orc hits you but does no damage.
The orc throws a boomerang of dispersal.
The boomerang of dispersal barely misses you.
You barely miss the orc. The orc barely misses you. The orc closely misses you.
You scratch the orc but do no damage. The orc barely misses you.
The orc closely misses you.
You claw the orc!
You kill the orc!
The orc completely misses you. The orc hits you but does no damage.
2354 ||| Stepping ~*~*~tactically~*~*~ (outnumbered).
The orc hits you with a +0 trident.
2355 ||| Stepping ~*~*~tactically~*~*~ (outnumbered).
The orc attacks as you move away! The orc closely misses you.
The orc hits you but does no damage.
2356 ||| Stepping ~*~*~tactically~*~*~ (outnumbered).
The orc attacks as you move away! The orc hits you but does no damage.
2357 ||| Stepping ~*~*~tactically~*~*~ (outnumbered).
The orc attacks as you move away! The orc closely misses you.
The orc attacks as you move away! The orc barely misses you.
2358 ||| Stepping ~*~*~tactically~*~*~ (outnumbered).
2359 ||| Stepping ~*~*~tactically~*~*~ (outnumbered).
You barely miss the orc. The orc closely misses you.
The orc hits you with a +0 hand axe.
You die...

#########
##...#...##
##o...)....##
#@oro.......#
#..$[.......######
#.................
##................
##>..............
####.#.##.......
#.#..........
#.####.......
#.^.)...


You could see 3 orcs and a rat.

Vanquished Creatures
  A worm (D:2)
  2 orcs (D:3)
  10 ball pythons
  5 endoplasms
  2 giant cockroaches
  7 goblins (D:1)
  3 hobgoblins
  4 jackals (D:2)
  A kobold (D:2)
  4 quokkas
  6 bats
  2 frilled lizards (D:1)
  2 rats (D:1)
49 creatures vanquished.

Notes
Turn   | Place    | Note
-------+----------+-------------------------------------------
     0 | D:1      | qw the Ghoul Fire Elementalist began the quest for the Orb.
     0 | D:1      | Reached XP level 1. HP: 14/14 MP: 2/2
     0 | D:1      | 0 ||| qw: Version: 0.1-a-90-g952f4b7
     0 | D:1      | 0 ||| qw: Game counter: 3754
     0 | D:1      | 0 ||| qw: Always use a shield: true
     0 | D:1      | 0 ||| qw: God list: Okawaru
     0 | D:1      | 0 ||| qw: Allow faded altars: false
     0 | D:1      | 0 ||| qw: Do Orc after D:15 true
     0 | D:1      | 0 ||| qw: Do second Lair branch before Depths: true
     0 | D:1      | 0 ||| qw: Lair rune preference: random
     0 | D:1      | 0 ||| qw: Plans: Normal
     0 | D:1      | 0 ||| PLANNING D:1-11
   132 | D:1      | HP: 3/14 [constriction (1)]
   439 | D:1      | Reached skill level 1 in Unarmed Combat
   499 | D:1      | Reached skill level 1 in Fighting
   499 | D:1      | Reached XP level 2. HP: 23/23 MP: 3/3
   656 | D:1      | 656 ||| Stepping ~*~*~tactically~*~*~ (stealth).
   657 | D:1      | 657 ||| Stepping ~*~*~tactically~*~*~ (stealth).
   660 | D:1      | 660 ||| Stepping ~*~*~tactically~*~*~ (outnumbered).
   661 | D:1      | 661 ||| Stepping ~*~*~tactically~*~*~ (outnumbered).
   663 | D:1      | Reached skill level 2 in Unarmed Combat
   789 | D:1      | Reached XP level 3. HP: 18/28 MP: 4/4
  1381 | D:1      | 1381 ||| UPGRADING to +0 ring mail.
  1391 | D:1      | 1391 ||| DROPPING +0 robe.
  1392 | D:1      | 1392 ||| READING 5 scrolls labelled AHIELU ROSOFI.
  1393 | D:1      | 1393 ||| READING scroll labelled VUIHAR YFOYH.
  1394 | D:1      | 1394 ||| READING scroll labelled AFUGAACURY.
  1395 | D:1      | 1395 ||| DROPPING potion of magic.
  1396 | D:1      | 1396 ||| DROPPING 4 scrolls of vulnerability.
  1551 | D:2      | Found a radiant altar of Vehumet.
  1563 | D:2      | Reached skill level 3 in Unarmed Combat
  1752 | D:2      | 1752 ||| Stepping ~*~*~tactically~*~*~ (stealth).
  1753 | D:2      | 1753 ||| Stepping ~*~*~tactically~*~*~ (stealth).
  1754 | D:2      | 1754 ||| Stepping ~*~*~tactically~*~*~ (stealth).
  1921 | D:2      | 1921 ||| Stepping ~*~*~tactically~*~*~ (stealth).
  1923 | D:2      | 1923 ||| Stepping ~*~*~tactically~*~*~ (stealth).
  1966 | D:2      | Identified the +9 rapier "Cisig Jerch" {flame, rF+ Str+4
                  | Stlth+}
  2135 | D:2      | Found a faded altar of an unknown god.
  2250 | D:2      | 2250 ||| READING scroll labelled WUONKIO BUYL.
  2251 | D:2      | 2251 ||| READING scroll labelled UTUKAGEONU.
  2252 | D:2      | 2252 ||| READING scroll labelled NODGHU ASOS.
  2253 | D:2      | 2253 ||| READING scroll labelled TEUHAU ZECEA.
  2254 | D:2      | 2254 ||| READING scroll labelled SOXOWO AZAD CUG.
  2255 | D:2      | 2255 ||| DRINKING 2 metallic amethyst potions.
  2298 | D:3      | 2298 ||| PLANNING SEWER
  2317 | D:3      | 2317 ||| Stepping ~*~*~tactically~*~*~ (stealth).
  2318 | D:3      | 2318 ||| Stepping ~*~*~tactically~*~*~ (stealth).
  2321 | D:3      | Reached XP level 4. HP: 24/35 MP: 5/5
  2344 | D:3      | 2344 ||| Stepping ~*~*~tactically~*~*~ (outnumbered).
  2345 | D:3      | 2345 ||| Stepping ~*~*~tactically~*~*~ (outnumbered).
  2346 | D:3      | 2346 ||| Stepping ~*~*~tactically~*~*~ (outnumbered).
  2346 | D:3      | HP: 7/35 [orc/+0 hand axe (3)]
  2347 | D:3      | 2347 ||| Stepping ~*~*~tactically~*~*~ (outnumbered).
  2348 | D:3      | 2348 ||| Stepping ~*~*~tactically~*~*~ (outnumbered).
  2349 | D:3      | 2349 ||| Stepping ~*~*~tactically~*~*~ (outnumbered).
  2350 | D:3      | 2350 ||| Stepping ~*~*~tactically~*~*~ (outnumbered).
  2354 | D:3      | 2354 ||| Stepping ~*~*~tactically~*~*~ (outnumbered).
  2354 | D:3      | HP: 4/35 [orc/+0 trident (3)]
  2355 | D:3      | 2355 ||| Stepping ~*~*~tactically~*~*~ (outnumbered).
  2356 | D:3      | 2356 ||| Stepping ~*~*~tactically~*~*~ (outnumbered).
  2357 | D:3      | 2357 ||| Stepping ~*~*~tactically~*~*~ (outnumbered).
  2358 | D:3      | 2358 ||| Stepping ~*~*~tactically~*~*~ (outnumbered).
  2359 | D:3      | 2359 ||| Stepping ~*~*~tactically~*~*~ (outnumbered).
  2360 | D:3      | Slain by an orc

Levels and vault maps discovered:
D:1:      tarquinn_simple_flora_water_d, layout_basic,
          hangedman_decor_clover_reticule
D:2:      layout_loops_ring, basic_altar, shapermc_ecumenical_altar_rom_forum
D:3:      layout_rooms, cheibrodos_sewer_entry_drain, minmay_close_crescents,
          uniq_terence

Skill      XL: |  1  2  3 |
---------------+----------+-----
Unarmed Combat | 1 2 3 |  3.6
Fighting       | 1 |  1.2
Dodging        | |  1.7
Stealth        | |  2.1
Spellcasting   | |  1.7
Conjurations   | |  0.7
Fire Magic     | |  2.4

Action                   |  1- 3 |  4- 6 || total
-------------------------+-------+-------++-------
Melee: Unarmed           |   164 |    15 ||   179
       Punch             |     5 |       ||     5
  Use: Scroll            |     8 |       ||     8
       Potion            |     1 |       ||     1
Armor: Robe              |    19 |       ||    19
       Ring mail         |    31 |    10 ||    41
Dodge: Dodged            |    92 |    21 ||   113

Table legend:
 A = Non-vault XP
 B = Vault XP
 C = Vault XP percentage of total XP
 D = Non-vault monster count
 E = Vault monster count
 F = Vault count percentage of total count
                 A         B        C        D         E       F
            +---------+---------+-------+---------+---------+-------
      Total |      89 |       2 |   2.2 |      48 |       1 |   2.0
            +---------+---------+-------+---------+---------+-------
        D:1 |      46 |       0 |   0.0 |      27 |       0 |   0.0
        D:2 |      32 |       0 |   0.0 |      16 |       0 |   0.0
        D:3 |      11 |       2 |  15.4 |       5 |       1 |  16.7
            +---------+---------+-------+---------+---------+-------
